 Dungeon Crawl Stone Soup version 0.24.0-125-gc4c63601f3 (webtiles) character file.

Game seed: 13125471207908640881, levelgen mode: deterministic

14768 Destapler the Bludgeoner (level 11, -15/107 HPs)
             Began as a Minotaur Berserker on Mar 14, 2020.
             Was a High Priest of Trog.
             Demolished by a cyclops (26 damage)
             ... on level 12 of the Dungeon on Mar 15, 2020.
             The game lasted 00:52:17 (11223 turns).

Destapler the Bludgeoner (Minotaur Berserker)      Turns: 11223, Time: 00:52:17

Health: -15/107    AC: 11    Str: 24    XL:     11   Next: 93%
Magic:  0/14       EV: 13    Int:  5    God:    Trog [*****.]
Gold:   824        SH:  0    Dex: 10    Spells: 10/10 levels left

rFire    . . .     SeeInvis .   a - +4 dire flail (crush)
rCold    . . .     Gourm    .   (shield currently unavailable)
rNeg     . . .     Faith    .   p - +0 leather armour
rPois    .         Spirit   +   (helmet restricted)
rElec    .         Reflect  .   d - +1 cloak
rCorr    .         Harm     .   M - +0 pair of gloves
MR       +++..                  (no boots)
Stlth    +.........             L - amulet of guardian spirit
HPRegen  1.27/turn              N - +4 ring of protection
MPRegen  0.14/turn              s - ring of protection from magic

@: regenerating
A: retaliatory headbutt, horns 2
a: Berserk, Trog's Hand, Brothers in Arms, Renounce Religion


You were on level 12 of the Dungeon.
You worshipped Trog.
Trog was extremely pleased with you.
You were hungry.

You visited 1 branch of the dungeon, and saw 12 of its levels.

You collected 824 gold pieces.

Inventory:

Hand Weapons
 a - a +4 dire flail of crushing (weapon)
 b - a +1 vampiric morningstar
Missiles
 f - 4 curare-tipped darts (quivered)
 u - 23 boomerangs
 z - 2 throwing nets
 Q - 13 atropa-tipped darts
Armour
 d - a +1 cloak (worn)
 p - a +0 leather armour (worn)
 M - a +0 pair of gloves (worn)
Jewellery
 s - a ring of protection from magic (right hand)
 L - an amulet of guardian spirit (around neck)
 N - a +4 ring of protection (left hand)
Wands
 y - a wand of polymorph (13)
 C - a wand of random effects (15)
 E - a wand of paralysis (13)
 O - a wand of disintegration (9)
 R - a wand of iceblast (7)
 S - a wand of digging (10)
 V - a wand of flame (19)
Scrolls
 e - a scroll of blinking
 g - a scroll of immolation
 m - a scroll of identify
 q - 4 scrolls of fog {unknown}
 v - 3 scrolls of magic mapping {unknown}
 w - 6 scrolls of remove curse
 x - 4 scrolls of teleportation
 B - a scroll of silence
 F - a scroll of fear
 J - a scroll of acquirement {unknown}
 Y - a scroll of enchant weapon
Potions
 h - 3 potions of lignification
 i - 2 potions of flight
 j - a potion of ambrosia {unknown}
 l - 3 potions of might
 n - 2 potions of magic
 o - 2 potions of curing
 r - 2 potions of agility
 t - 2 potions of resistance
 A - a potion of brilliance
 D - a potion of invisibility
 G - 2 potions of haste {unknown}
 I - 2 potions of cancellation {unknown}
 K - 3 potions of heal wounds {unknown}
 U - 2 potions of mutation {unknown}
Miscellaneous
 X - a box of beasts
Comestibles
 c - 19 rations


   Skills:
 + Level 13.4 Fighting
 - Level 16.0 Maces & Flails
 - Level 5.1 Armour
 - Level 3.7 Dodging
 + Level 5.4 Evocations


You had 10 spell levels left.
You didn't know any spells.
Your spell library contained the following spells:

 Spells                   Type           Power        Failure   Level  Hunger
 Beastly Appendage        Tmut           #.....       52%         1    ##.....
 Flame Tongue             Conj/Fire      #....        52%         1    ##.....
 Magic Dart               Conj           #...         52%         1    ##.....
 Blink                    Tloc           N/A          65%         2    ###....
 Call Imp                 Summ           #.......     65%         2    ###....
 Slow                     Hex            #.......     65%         2    ###....
 Sticks to Snakes         Tmut           #.......     65%         2    ###....
 Throw Flame              Conj/Fire      #.....       65%         2    ###....
 Conjure Flame            Conj/Fire      #.......     87%         3    ####...
 Inner Flame              Hex/Fire       #.......     87%         3    ####...
 Mephitic Cloud           Conj/Pois/Air  #.......     87%         3    ####...
 Spider Form              Tmut/Pois      #.........   87%         3    ####...
 Ice Form                 Ice/Tmut       #.......     99%         4    #####..
 Sticky Flame             Conj/Fire      #.......     99%         4    #####..
 Blade Hands              Tmut           #.........   100%        5    ######.
 Fireball                 Conj/Fire      #.........   100%        5    ######.


Dungeon Overview and Level Annotations

Branches:
Dungeon (12/15)            Temple (0/1) D:7            Lair (0/6) D:9
    Orc: D:9-12

Altars:
Ashenzari
Gozag
Ru

Annotations:
D:9 exclusion: ice statue
D:11 1 runed translucent door


Innate Abilities, Weirdness & Mutations

You reflexively headbutt those who attack you in melee.
You have a pair of horns on your head.


Message History

A cyclops comes into view.
The cyclops shouts!
The cyclops throws a large rock.
The large rock hits you!!
* * * LOW HITPOINT WARNING * * *
You see here a large rock.
Your skin crawls.
You feel resistant to hostile enchantments.
You feel somewhat more hungry.
The cyclops throws a large rock.
The large rock hits you but does no damage.
An orc comes into view. It is wielding a +0 morningstar.
The orc shouts!
The cyclops throws a large rock.
The large rock hits you!!
* * * LOW HITPOINT WARNING * * *
You see here a large rock.
The cyclops hits you.
* * * LOW HITPOINT WARNING * * *
You bludgeon the cyclops!!
The cyclops is almost dead.
The cyclops hits you!!
You die...

.....c. ..
......#....# ..
......#... .# #.
.......... .####..
.......... ..#..
......?... ....
.......# #..#
..<..# #..## ....##
#.@.# ....### #..C#
......## #...##
..#....### ##....#
.#####...##
##.....# ##
##...###....(.###.#
#
###.......((.o...#
###...........o#
##.##.......#..


You could see a cyclops and an orc.

Vanquished Creatures
  Jorgrun (D:12)
  A hydra (D:11)
  An unseen horror (D:11)
  4 orange demons (D:11)
  The ghost of execc the Poker, a novice OpBe of Trog (D:4)
  2 red devils (D:11)
  Prince Ribbit (D:5)
  4 slime creatures (D:12)
  2 hippogriffs
  2 wyverns
  4 yaks (D:6)
  A hungry ghost (D:10)
  Menkaure (D:4)
  Edmund (D:4)
  2 phantoms
  8 orc warriors
  An ice beast (D:6)
  2 sky beasts
  A black bear (D:8)
  7 ogres
  5 centaurs
  A crocodile (D:10)
  Blork the orc (D:6)
  5 big kobolds
  7 bullfrogs
  A gnoll sergeant (D:8)
  A wyvern zombie (D:10)
  2 scorpions (D:8)
  13 killer bees
  9 wights
  A howler monkey (D:6)
  3 electric eels (D:11)
  15 crimson imps
  A centaur zombie (D:11)
  2 bullfrog zombies
  5 jellies
  3 hounds
  4 orc priests
  Crazy Yiuf (D:2)
  4 centaur skeletons
  Ijyb (D:4)
  7 orc wizards
  2 iguanas
  8 worker ants
  A hound zombie (D:3)
  A hound skeleton (D:3)
  2 worker ant zombies
  15 gnolls
  A howler monkey skeleton (D:8)
  A howler monkey zombie (D:7)
  17 adders
  8 shadow imps
  A white imp (D:10)
  2 adder zombies
  5 oozes (D:9)
  2 adder skeletons (D:3)
  A worm (D:3)
  A dart slug (D:3)
  5 leopard geckos
  41 orcs
  11 bats
  5 giant cockroaches
  12 hobgoblins
  23 jackals
  65 kobolds
  6 quokkas
  A ball python (D:4)
  4 frilled lizards
  6 goblins
  A jackal zombie (D:6)
  2 leopard gecko skeletons
  2 quokka skeletons
  6 rats
397 creatures vanquished.

Notes
Turn   | Place    | Note
-------+----------+-------------------------------------------
     0 | D:1      | Destapler the Minotaur Berserker began the quest for the
                  | Orb.
     0 | D:1      | Reached XP level 1. HP: 19/19 MP: 0/0
   200 | D:1      | Reached skill level 4 in Maces & Flails
   200 | D:1      | Reached XP level 2. HP: 12/27 MP: 1/1
   814 | D:2      | Reached XP level 3. HP: 28/33 MP: 2/2
   992 | D:2      | Reached ** piety under Trog
  1190 | D:2      | Reached XP level 4. HP: 41/41 MP: 3/3
  1419 | D:2      | Found a runed translucent door.
  1420 | D:2      | Noticed Crazy Yiuf
  1597 | D:2      | Killed Crazy Yiuf
  1771 | D:3      | Reached XP level 5. HP: 40/47 MP: 4/4
  1788 | D:3      | Reached *** piety under Trog
  2028 | D:3      | Reached skill level 5 in Maces & Flails
  2062 | D:2      | Reached skill level 5 in Fighting
  2259 | D:3      | Reached XP level 6. HP: 42/56 MP: 5/5
  3139 | D:3      | Reached **** piety under Trog
  3706 | D:4      | Noticed Ijyb
  3706 | D:4      | Noticed Edmund
  3715 | D:4      | Killed Ijyb
  3715 | D:4      | Reached skill level 6 in Maces & Flails
  3735 | D:4      | Killed Edmund
  3735 | D:4      | Reached XP level 7. HP: 62/62 MP: 6/6
  3804 | D:4      | Reached skill level 5 in Armour
  3879 | D:4      | Found a runed translucent gate.
  3879 | D:4      | Found an opulent altar of Gozag.
  3881 | D:4      | Found a runed translucent gate.
  3881 | D:4      | Found a runed translucent gate.
  3881 | D:4      | Noticed execc's ghost (novice OpBe)
  3882 | D:4      | Noticed Menkaure
  3890 | D:4      | Killed Menkaure
  3890 | D:4      | Reached skill level 7 in Maces & Flails
  4370 | D:5      | Entered Level 5 of the Dungeon
  4520 | D:5      | Found a shattered altar of Ashenzari.
  4582 | D:5      | Reached skill level 8 in Maces & Flails
  4593 | D:5      | Reached XP level 8. HP: 71/71 MP: 7/7
  4763 | D:5      | Noticed Prince Ribbit
  5188 | D:5      | Killed Prince Ribbit
  5188 | D:5      | Reached skill level 9 in Maces & Flails
  5355 | D:6      | Noticed Blork the orc
  5363 | D:6      | Killed Blork the orc
  5525 | D:6      | Reached skill level 10 in Maces & Flails
  6129 | D:6      | Reached XP level 9. HP: 60/82 MP: 4/8
  6175 | D:6      | Reached skill level 11 in Maces & Flails
  6212 | D:6      | Reached ***** piety under Trog
  6544 | D:7      | Reached skill level 12 in Maces & Flails
  6745 | D:7      | Reached skill level 10 in Fighting
  6759 | D:7      | Reached skill level 13 in Maces & Flails
  6769 | D:7      | Reached XP level 10. HP: 84/93 MP: 6/9
  6899 | D:7      | Found a sacrificial altar of Ru.
  6957 | D:7      | Found a staircase to the Ecumenical Temple.
  7989 | D:8      | Reached skill level 14 in Maces & Flails
  8480 | D:9      | Received a gift from Trog
  8634 | D:9      | Found a staircase to the Lair.
  8736 | D:9      | Noticed an ice statue
  9055 | D:4      | Killed execc's ghost
  9593 | D:10     | Entered Level 10 of the Dungeon
  9624 | D:10     | Reached skill level 15 in Maces & Flails
  9890 | D:10     | Reached XP level 11. HP: 103/104 MP: 10/10
 10059 | D:11     | Reached skill level 1 in Evocations
 10083 | D:11     | Noticed a four-headed hydra
 10089 | D:11     | Killed a four-headed hydra
 10216 | D:11     | Found a runed translucent door.
 10216 | D:11     | Noticed a stone giant
 10216 | D:11     | Noticed a phantasmal warrior
 10218 | D:11     | Noticed a sphinx
 10218 | D:11     | Noticed a deep troll earth mage
 10218 | D:11     | Noticed an ettin
 10218 | D:11     | Noticed a frost giant
 10218 | D:11     | Noticed a deep troll earth mage
 10403 | D:11     | Reached skill level 16 in Maces & Flails
 10594 | D:11     | Received a gift from Trog
 10906 | D:12     | Noticed Jorgrun
 10912 | D:11     | Killed an unseen horror
 10986 | D:12     | Killed Jorgrun
 10986 | D:12     | Reached skill level 5 in Evocations
 11223 | D:12     | Demolished by a cyclops

Levels and vault maps discovered:
D:1:      mrwooster_arrival_arrow, layout_basic, minmay_domino_4
D:2:      layout_basic, uniq_crazy_yiuf_cottage
D:3:      minmay_goblin_kobold_castle, layout_rooms, serial_undead,
          serial_undead_b, serial_undead_f, serial_undead_c, serial_undead_a,
          first_ration
D:4:      layout_loops_ring, ebering_ghost_gozag, kennysheep_doodads,
          st_stairs_4, uniq_menkaure, uniq_ijyb, uniq_edmund
D:5:      layout_loops_corners, nicolae_ashenzari_panopticon,
          uniq_prince_ribbit1
D:6:      minmay_thick_lines, layout_basic, nicolae_benzene_ring,
          uniq_blork_the_orc
D:7:      layout_rooms, lemuel_coloured_pillars_altar, temple_hall
D:8:      layout_gridville
D:9:      layout_loops_cross, lair_entry_dummy, hangedman_little_slice_of_home,
          minivault_15
D:10:     layout_roguey, minmay_nine_imps
D:11:     minmay_gate_of_8, layout_basic, minmay_beelzebubs_servants
D:12:     layout_layer_cave, david_orc_5, nicolae_trove_entry_columns,
          gauntlet_entry_generic, uniq_jorgrun

Skill      XL: |  1  2  3  4  5  6  7  8  9 10 11 |
---------------+----------------------------------+-----
Maces & Flails | 4 5 6 8 10 13 15 16 | 16.0
Fighting       | 4 5 6 8 10 11 13 | 13.4
Armour         | 3 4 5 |  5.1
Dodging        | 3 |  3.7
Evocations     | 5 |  5.4

Action                   |  1- 3 |  4- 6 |  7- 9 | 10-12 || total
-------------------------+-------+-------+-------+-------++-------
Melee: Mace              |    76 |   212 |     8 |       ||   296
       Headbutt          |     8 |    23 |    31 |    95 ||   157
       Morningstar       |       |       |    88 |   120 ||   208
       Whip              |       |       |     6 |   131 ||   137
       Flail             |       |       |    90 |    63 ||   153
       Dire flail        |       |       |       |   143 ||   143
Throw: Dart              |       |       |       |     2 ||     2
Invok: Berserk           |       |     3 |     7 |     2 ||    12
       Trog's Hand       |       |     1 |     5 |     6 ||    12
  Use: Scroll            |     4 |     1 |     6 |    12 ||    23
  Eat: Chunk             |     1 |    10 |    14 |    22 ||    47
       Ration            |       |       |     1 |       ||     1
Armor: Animal skin       |    24 |     2 |       |       ||    26
       Leather armour    |       |    55 |    54 |   140 ||   249
Dodge: Dodged            |    75 |   182 |   131 |   274 ||   662
